 Dungeon Crawl Stone Soup version 0.31-a0-845-g9abc20d24f (webtiles) character file.

Game seed: 6100531890987788836

4 Kurtz the Shield-Bearer (level 1, -1/16 HPs)
             Began as an Octopode Fighter on Oct 1, 2023.
             Slain by a goblin
             ... wielding a +0 dagger
              (2 damage)
             ... on level 1 of the Dungeon.
             The game lasted 00:00:03 (55 turns).

Kurtz the Shield-Bearer (Octopode Fighter)            Turns: 55, Time: 00:00:04

Health: -1/16      AC:  1    Str: 15    XL:     1   Next: 60%
Magic:  1/1        EV: 13    Int: 10    God:
Gold:   0          SH:  4    Dex: 11    Spells: 0/0 levels left

rFire   . . .        a - +0 war axe
rCold   . . .        b - +0 buckler
rNeg    . . .        (helmet restricted)
rPois   .            (no amulet)
rElec   .            (no ring)
rCorr   .            (no ring)
SInv    .            (no ring)
Will    .....        (no ring)
Stlth   ++           (no ring)
HPRegen 0.22/turn    (no ring)
MPRegen 0.07/turn    (no ring)
                     (no ring)

%: no passive effects
@: no status effects
A: almost no armour, amphibious, 8 rings, camouflage 1, gelatinous body 1,
(nimble swimmer 1), tentacles
a: no special abilities


You were on level 1 of the Dungeon.
You visited 1 branch of the dungeon, and saw 1 of its levels.

Inventory:

Hand Weapons
 a - a +0 war axe (weapon)
Armour
 b - a +0 buckler (worn)
Potions
 c - a potion of might


   Skills:
 - Level 3.0 Fighting
 * Level 2.4 Axes
 - Level 3.0 Dodging
 - Level 3.0 Shields


You couldn't memorise any spells.
You didn't know any spells.
Your spell library was empty.

Dungeon Overview and Level Annotations

Branches:
Dungeon (1/15)

Altars:


Innate Abilities, Weirdness & Mutations

You cannot wear most types of armour.
You are amphibious.
You can wear up to eight rings at the same time.
Your skin changes colour to match your surroundings (Stealth+).
Your rubbery body absorbs attacks. (AC +1, EV +1)
((You are camouflaged when in or above water. (Stealth+)))
You have tentacles for arms and can constrict up to eight enemies at once.


Message History

Your grab misses the rat. Your squeeze misses the rat.
You closely miss the hobgoblin. You hit the rat.
The hobgoblin barely misses you. The rat completely misses you.
The rat twitches its whiskers.
The rat bites you.
You hit the rat.
You kill the rat!
You slash the rat!
You kill the rat!
You hit the hobgoblin.
The hobgoblin hits you but does no damage.
The hobgoblin barely misses you.
You barely miss the hobgoblin. Your grab misses the hobgoblin.
Your squeeze misses the hobgoblin.
The hobgoblin is heavily wounded.
You hit the goblin. You hit the ball python.
You kill the ball python!
The goblin closely misses you. The hobgoblin barely misses you.
You hit the hobgoblin. You grab the hobgoblin.
The hobgoblin is severely wounded.
You hit the rat but do no damage. You barely miss the goblin.
You constrict the hobgoblin, but do no damage.
The goblin hits you with a +0 dagger. The hobgoblin hits you.
The rat bites you. The goblin misses you. The hobgoblin barely misses you.
The rat bites you.
You are too injured to fight recklessly!
You are too injured to fight recklessly!
Unknown command.
You are too injured to fight recklessly!
You are too injured to fight recklessly!
You hit the hobgoblin but do no damage.
The hobgoblin is severely wounded.
You barely miss the goblin. You closely miss the rat.
You constrict the hobgoblin, but do no damage.
The hobgoblin hits you.
* * * LOW HITPOINT WARNING * * *
The goblin barely misses you. The rat barely misses you.
You release your grip on the hobgoblin.
The goblin attacks as it pursues you! The goblin hits you with a +0 dagger.
You die...

~~.~~~...≈ ..<.~~~.....#
#.# ~~.~~~...≈#.# ..#
.~~~....≈≈#.# ).#
.....≈≈≈≈≈#.# ..####
≈≈.≈≈≈≈≈≈≈#.# .....#
##.########.# ...?.#
............######r....##
.#########......@gg......
............######.....##
.###.)....### .....#
####.....#### ..)..#
..>.......... .....#
.####.####### ......#
...##.# ......# ##.##.#
[.....# #.##.#


You could see a hobgoblin, a goblin and a rat.

Vanquished Creatures
  A ball python (D:1)
  A kobold (D:1)
  2 rats (D:1)
4 creatures vanquished.

Notes
Turn   | Place    | Note
-------+----------+-------------------------------------------
     0 | D:1      | Kurtz the Octopode Fighter began the quest for the Orb.
     0 | D:1      | Reached XP level 1. HP: 16/16 MP: 1/1
    55 | D:1      | Slain by a goblin

Illustrated notes

Levels and vault maps discovered:
D:1:      dpeg_arrival_shrine, layout_basic, serial_shops,
          nicolae_shop_pleasant_corner_grove, nicolae_shop_tiny_real_fake_doors,
          nicolae_shop_peninsula, shop, nicolae_shop_behind_doors

Action                     || total
---------------------------++-------
  Melee: War axe           ||     6
         Constrict         ||     1
 Armour: Skin              ||    10
  Dodge: Dodged            ||    10

Table legend: (Time is in decaauts)
 A = Elapsed time spent in this place.
 B = Non-inter-level travel time spent in this place.
 C = Inter-level travel time spent in this place.
 D = Time resting spent in this place.
 E = Time spent auto-exploring this place.
 F = Levels seen in this place.
 G = Mean time per level.
                   A        B        C        D        E       F      G
               +--------+--------+--------+--------+--------+-----+--------+
         Total |     57 |     57 |      0 |      0 |     41 |   1 |   57.0 |
       Dungeon |     57 |     57 |      0 |      0 |     41 |   1 |   57.0 |
               +--------+--------+--------+--------+--------+-----+--------+

Top non-repeatable levels by time:
     D:1: 57 daAuts
